 Dungeon Crawl Stone Soup version 0.30-a0-711-gf4ac18a38d (webtiles) character file.

Game seed: 1081893990333536580

130 Lobster4 the Shooter (level 5, 0/39 HPs)
             Began as a Human Wanderer on Jan 22, 2023.
             Slain by Pargi (3 damage)
             ... in a sewer.
             The game lasted 00:04:43 (1186 turns).

Lobster4 the Shooter (Human Wanderer)               Turns: 1186, Time: 00:04:43

Health: 0/39       AC:  3    Str:  9    XL:     5   Next: 36%
Magic:  8/8        EV: 18    Int: 12    God:
Gold:   72         SH:  0    Dex: 18    Spells: 8/9 levels left

rFire   . . .      SeeInvis .    a - +0 shortbow
rCold   . . .      Faith    .    (shield currently unavailable)
rNeg    . . .      Spirit   .    d - +0 robe
rPois   .          Reflect  .    j - +0 helmet
rElec   .          Harm     .    (no cloak)
rCorr   .          Rampage  .    (no gloves)
Will    .....                    (no boots)
Stlth   ++                       (no amulet)
HPRegen 0.26/turn                o - +5 ring of evasion
MPRegen 0.11/turn                s - ring of flight

@: flying
A: no striking features
a: no special abilities


You were in a sewer.
You visited 1 branch of the dungeon, and saw 3 of its levels.
You also visited: Sewer.

You collected 72 gold pieces.

Inventory:

Hand Weapons
 a - a +0 shortbow (weapon)
 b - a +0 short sword
 g - a +0 sling
 t - a +0 dagger of venom
Armour
 d - a +0 robe (worn)
 j - a +0 helmet (worn)
Jewellery
 o - a +5 ring of evasion (left hand)
 s - a ring of flight (right hand)
Scrolls
 c - a scroll of fog
 e - a scroll of poison {unknown}
 f - a scroll of butterflies {unknown}
 i - 3 scrolls of identify {unknown}
 p - a scroll of amnesia {unknown}
Potions
 h - a potion of attraction {unknown}
 l - a potion of ambrosia {unknown}
 m - a potion of experience {unknown}
 n - a potion of haste {unknown}
 r - a potion of lignification {unknown}
 u - a potion of brilliance {unknown}
 v - a potion of magic {unknown}


   Skills:
 + Level 2.5 Fighting
 + Level 2.6 Ranged Weapons
 + Level 1.5 Armour
 + Level 2.4 Dodging
 + Level 2.6 Spellcasting
 + Level 1.9 Transmutations
 + Level 1.9 Evocations


You had 8 spell levels left.
You knew the following spells:

 Your Spells              Type           Power      Damage    Failure   Level
a - Beastly Appendage     Tmut           12%        N/A       12%         1

Your spell library contained the following spells:

 Spells                   Type           Power      Damage    Failure   Level
 Ignite Poison            Fire/Tmut/Pois 3%         N/A       52%         3


Dungeon Overview and Level Annotations

Branches:
Dungeon (4/15)              Sewer (1/1)
 Temple: D:4-7

Altars:

Shops:
D:4 (

Annotations:
Sewer Pargi


Message History

Pargi bites you but does no damage. Pargi barely misses you. Pargi claws you.
You shoot an arrow. The arrow closely misses Pargi.
Pargi bites you. Pargi barely misses you. Pargi misses you.
You shoot an arrow. The arrow barely misses Pargi.
Pargi closely misses you. Pargi claws you. x2
You shoot an arrow. The arrow closely misses Pargi.
Pargi misses you. Pargi claws you. Pargi closely misses you. Pargi bites you.
Pargi claws you but does no damage. Pargi claws you.
You are too injured to fight recklessly!
You are too injured to fight recklessly!
You are too injured to fight recklessly!
It was a potion of curing.
You feel better. Pargi closely misses you. Pargi barely misses you.
Pargi closely misses you.
You shoot an arrow. The arrow hits Pargi.
Pargi is heavily wounded.
Pargi misses you. Pargi completely misses you.
Pargi claws you but does no damage.
You shoot an arrow. The arrow hits Pargi.
Pargi is severely wounded.
Pargi bites you. Pargi closely misses you. Pargi claws you.
You are too injured to fight recklessly!
You are too injured to fight recklessly!
You are too injured to fight recklessly!
You are too injured to fight recklessly!
You shoot an arrow. The arrow barely misses Pargi.
Pargi bites you. Pargi closely misses you. Pargi completely misses you.
Pargi bites you.
* * * LOW HITPOINT WARNING * * *
Pargi completely misses you. Pargi claws you.
* * * LOW HITPOINT WARNING * * *
You shoot an arrow. The arrow closely misses Pargi.
Pargi bites you.
* * * LOW HITPOINT WARNING * * *
Pargi closely misses you. Pargi misses you.
You shoot an arrow. The arrow hits Pargi.
Pargi is almost dead.
Pargi looks more healthy.
Pargi completely misses you. x2
Pargi closely misses you.
You shoot an arrow. The arrow closely misses Pargi.
Pargi bites you!
* * * LOW HITPOINT WARNING * * *
Pargi claws you.
You die...

!/#. ~#(#
#.(~
##...##
#~.~(~#
.~...##
#~.T#
#~@##
#...#
##..# #.
#~.# #..
#..# #~.#
##..# #...
#~..#
#.~###..##
#..~#...#


You could see Pargi.

Vanquished Creatures
  A jelly (D:4)
  An iguana (D:4)
  2 adders (D:4)
  A worm (D:4)
  2 dart slugs
  2 ball pythons (D:1)
  4 bats (D:1)
  3 giant cockroaches
  5 hobgoblins
  7 jackals
  2 quokkas
  3 frilled lizards (D:1)
  5 goblins
  4 kobolds
  5 rats
47 creatures vanquished.

Notes
Turn   | Place    | Note
-------+----------+-------------------------------------------
     0 | D:1      | Lobster4 the Human Wanderer began the quest for the Orb.
     0 | D:1      | Lobster4 set off with the following items: a +0 shortbow, a
                  | +0 helmet, a scroll of fog, a +0 robe; and the following
                  | spell memorised: Beastly Appendage; and the following
                  | spells available to memorise: Ignite Poison.
     0 | D:1      | Reached XP level 1. HP: 16/16 MP: 3/3
    67 | D:1      | Reached XP level 2. HP: 21/22 MP: 5/5
   211 | D:1      | Reached XP level 3. HP: 27/27 MP: 6/6
   677 | D:2      | Reached skill level 1 in Armour
   765 | D:2      | You are sucked into a shaft and drop 2 floors!
   770 | D:4      | Reached XP level 4. HP: 33/33 MP: 7/7
   863 | D:4      | Reached XP level 5. HP: 23/39 MP: 8/8
   985 | D:4      | Found Gaigim's Weapon Shop.
  1115 | D:4      | Found a glowing drain.
  1119 | Sewer    | Entered a sewer
  1170 | Sewer    | Noticed Pargi
  1186 | Sewer    | Slain by Pargi

Illustrated notes

Levels and vault maps discovered:
D:1:      lightli_arrival_farm, layout_rooms
D:2:      layout_loops_ring, amcnicky_mini_corridor_feature
D:4:      layout_cave_pools, nicolae_overflow_hidden_temple, serial_shops,
          nicolae_lakefront_shop, gup_sewer_entry_bowl
Sewer:    sewer_the_moccasin

Skill      XL: |  1  2  3 |
---------------+----------+-----
Armour         | 1 |  1.5
Fighting       | |  2.5
Ranged Weapons | |  2.6
Dodging        | |  2.4
Spellcasting   | |  2.6
Transmutations | |  1.9
Evocations     | |  1.9

Action                     |  1- 3 |  4- 6 || total
---------------------------+-------+-------++-------
   Fire: Shortbow          |    89 |    67 ||   156
  Throw: Dart              |       |     4 ||     4
    Use: Scroll            |       |     1 ||     1
         Potion            |       |     1 ||     1
 Armour: Robe              |    15 |     4 ||    19
  Dodge: Dodged            |    21 |    46 ||    67

Table legend: (Time is in decaauts)
 A = Elapsed time spent in this place.
 B = Non-inter-level travel time spent in this place.
 C = Inter-level travel time spent in this place.
 D = Time resting spent in this place.
 E = Time spent auto-exploring this place.
 F = Levels seen in this place.
 G = Mean time per level.
                   A        B        C        D        E       F      G
               +--------+--------+--------+--------+--------+-----+--------+
         Total |   1267 |   1190 |     77 |      0 |    798 |   4 |  316.8 |
       Dungeon |   1193 |   1116 |     77 |      0 |    758 |   3 |  397.7 |
         Sewer |     73 |     73 |      0 |      0 |     40 |   1 |   73.0 |
               +--------+--------+--------+--------+--------+-----+--------+

Top non-repeatable levels by time:
     D:1: 727 daAuts
     D:4: 372 daAuts
     D:2: 93 daAuts
   Sewer: 73 daAuts
